 Dungeon Crawl Stone Soup version 0.25.1-2-g60ff931df9 (webtiles) character file.

Game seed: 15757044451653871695

100 cancerJelly the Covered (level 4, -1/38 HPs)
             Began as a Demigod Fighter on Dec 7, 2020.
             Slain by a worm (5 damage)
             ... on level 3 of the Dungeon.
             The game lasted 00:07:09 (1260 turns).

cancerJelly the Covered (Demigod Fighter)           Turns: 1260, Time: 00:07:10

Health: -1/38      AC:  6    Str: 19    XL:     4   Next: 23%
Magic:  6/6        EV:  7    Int: 12    God:
Gold:   167        SH:  9    Dex: 17    Spells: 3/3 levels left

rFire    . . .     SeeInvis .   a - +1 rapier
rCold    . . .     Gourm    .   c - +0 kite shield
rNeg     . . .     Faith    .   b - +0 scale mail
rPois    .         Spirit   .   (no helmet)
rElec    .         Reflect  .   (no cloak)
rCorr    .         Harm     .   (no gloves)
MR       .....                  (no boots)
Stlth    ..........             (no amulet)
HPRegen  0.12/turn              (no ring)
MPRegen  0.10/turn              (no ring)

@: mighty
A: high mp 1
a: no special abilities


You were on level 3 of the Dungeon.
You were not hungry.

You visited 1 branch of the dungeon, and saw 3 of its levels.

You collected 167 gold pieces.

Inventory:

Hand Weapons
 a - a +1 rapier (weapon)
Armour
 b - a +0 scale mail (worn)
 c - a +0 kite shield (worn)
Scrolls
 e - a scroll of identify
 g - a scroll of teleportation
 i - a scroll of remove curse
Potions
 h - a potion of magic
Comestibles
 f - 4 rations


   Skills:
 + Level 3.1 Fighting
 + Level 3.1 Short Blades
 + Level 3.1 Armour
 + Level 0.8 Dodging
 + Level 0.1 Stealth
 - Level 3.0 Shields


You had 3 spell levels left.
You didn't know any spells.
Your spell library was empty.

Dungeon Overview and Level Annotations

Branches:
Dungeon (3/15)


Innate Abilities, Weirdness & Mutations

You have an increased reservoir of magic. (+10% MP)


Message History

You kill the bat!
The jackal bites you. The gnoll barely misses you.
You block the jackal's attack. The gnoll hits you with a +0 spear.
* * * LOW HITPOINT WARNING * * *
The jackal bites you.
* * * LOW HITPOINT WARNING * * *
The worm bites you but does no damage.
Things that are here:
a bat corpse; a jackal corpse You hit the gnoll.
The gnoll is moderately wounded.
The gnoll hits you with a +0 spear.
* * * LOW HITPOINT WARNING * * *
The jackal bites you but does no damage.
You hit the gnoll.
The gnoll is severely wounded.
The jackal closely misses you. The gnoll hits you but does no damage.
The worm bites you.
You die...

###...#...# .
+....###### .#
###.## ###.#
#..#####....#
###...)...>#
.............##
#..##....#...# #
##.#..?#.#####
#.###.....@g#
#........hw.......
###....#...#######
...##.###.# ..##
#.# #.# .# .. #..
.. ####


You could see a worm, a gnoll and a jackal.

Vanquished Creatures
  2 gnolls (D:3)
  2 adders (D:2)
  2 worms (D:2)
  5 dart slugs
  A leopard gecko (D:3)
  An orc (D:3)
  A giant cockroach (D:2)
  7 goblins
  8 hobgoblins
  A jackal (D:3)
  6 bats
  5 frilled lizards
  2 kobolds (D:1)
  5 rats
48 creatures vanquished.

Notes
Turn   | Place    | Note
-------+----------+-------------------------------------------
     0 | D:1      | cancerJelly the Demigod Fighter began the quest for the
                  | Orb.
     0 | D:1      | Reached XP level 1. HP: 18/18 MP: 3/3
   150 | D:1      | Reached XP level 2. HP: 22/25 MP: 4/4
   757 | D:2      | Reached XP level 3. HP: 19/30 MP: 5/5
   799 | D:2      | Found a hide-covered altar of Uskayaw.
  1134 | D:2      | Found a faded altar of an unknown god.
  1254 | D:3      | Reached XP level 4. HP: 20/38 MP: 6/6
  1260 | D:3      | Slain by a worm

Illustrated notes

Levels and vault maps discovered:
D:1:      dpeg_chamrin_arrival_tetris, layout_basic
D:2:      layout_rooms, lemuel_coloured_pillars_altar,
          chequers_ecumenical_altar_simple_redux, grunt_ministairs_3,
          serial_bayou_ford_a, minmay_misc_feat_square,
          kennysheep_generic_room_9
D:3:      layout_rooms, lemuel_doored_altar, first_ration, uniq_grinder,
          uniq_terence

Skill      XL: |  1  2  3 |
---------------+----------+-----
Shields        | 3 |  3.0
Short Blades   | 2 3 |  3.1
Armour         | 3 |  3.1
Fighting       | 3 |  3.1
Dodging        | |  0.8
Stealth        | |  0.1

Action                   |  1- 3 |  4- 6 || total
-------------------------+-------+-------++-------
Melee: Rapier            |   164 |     5 ||   169
  Use: Scroll            |     4 |       ||     4
       Potion            |     1 |       ||     1
  Eat: Ration            |     1 |       ||     1
Armor: Scale mail        |    82 |     4 ||    86
Dodge: Dodged            |    73 |     4 ||    77
Block: Kite shield       |    99 |     3 ||   102
